 Dungeon Crawl Stone Soup version 0.30-a0-777-ga9a30cbeda (webtiles) character file.

Game seed: 7260854960757987579

4858 jlumianski the Trooper (level 10, -10/79 HPs)
             Began as a Demonspawn Fighter on Feb 13, 2023.
             Was a Follower of Fedhas.
             Mangled by Erolcha
             ... wielding a +3 giant club
              (24 damage)
             ... on level 9 of the Dungeon.
             The game lasted 00:36:40 (6904 turns).

jlumianski the Trooper (Demonspawn Fighter)         Turns: 6904, Time: 00:36:40

Health: -10/79     AC: 26    Str: 18    XL:     10   Next: 25%
Magic:  10/10      EV: 10    Int: 10    God:    Fedhas [*.....]
Gold:   161        SH:  5    Dex: 15    Spells: 9/9 levels left

rFire   . . .      SeeInvis .    s - +3 hand crossbow (heavy)
rCold   . . .      Faith    .    c - +0 buckler
rNeg    . . .      Spirit   .    w - +6 scale mail of Resonance {+Inv}
rPois   +          Reflect  .    j - +2 helmet
rElec   .          Harm     .    H - +2 cloak {Stlth+}
rCorr   .          Rampage  .    g - +2 pair of gloves
Will    +....                    (no boots)
Stlth   +                        (no amulet)
HPRegen 0.33/turn                p - ring of poison resistance
MPRegen 0.12/turn                v - ring of willpower

@: silenced
A: hooves 2, yellow scales 2, demonic guardian 1, ignite blood 1
a: Renounce Religion, Evoke Invisibility


You were on level 9 of the Dungeon.
You worshipped Fedhas.
Fedhas was aware of your devotion.
You visited 2 branches of the dungeon, and saw 10 of its levels.
You visited the Abyss 1 time.

You collected 509 gold pieces.
You spent 348 gold pieces at shops.

Inventory:

Hand Weapons
 a - a +1 war axe of chaos
 s - a +3 heavy hand crossbow (weapon)
Missiles
 e - 12 curare-tipped darts
 r - 22 poisoned darts
Armour
 c - a +0 buckler (worn)
 g - a +2 pair of gloves (worn)
 j - a +2 helmet (worn)
 w - the +6 scale mail of Resonance (worn) {+Inv}
   (You bought it in a shop on level 4 of the Dungeon)

   +Inv:      It lets you turn invisible.
 y - a +0 plate armour
 z - a +2 scale mail of fire resistance
 H - a +2 cloak of stealth (worn)
Jewellery
 f - an amulet of guardian spirit
 p - a ring of poison resistance (left hand)
 v - a ring of willpower (right hand)
 E - a ring of protection from fire
Wands
 k - a wand of roots (17)
 G - a wand of paralysis (8)
 J - a wand of polymorph (6)
 L - a wand of digging (5)
Scrolls
 i - 2 scrolls of blinking
 l - a scroll of torment {unknown}
 m - a scroll of brand weapon
 q - 2 scrolls of teleportation
 t - a scroll of immolation
 B - 2 scrolls of fear {unknown}
 K - 4 scrolls of identify
Potions
 b - a potion of flight {unknown}
 d - a potion of might
 h - 7 potions of heal wounds
 n - 2 potions of curing
 o - a potion of haste
 u - a potion of berserk rage
 x - 2 potions of ambrosia


   Skills:
 * Level 7.5 Fighting
 + Level 5.1 Axes
 + Level 6.8 Ranged Weapons
 - Level 0.7 Throwing
 + Level 5.7 Armour
 + Level 3.0 Dodging
 * Level 3.1 Stealth
 - Level 3.5 Shields
 * Level 5.5 Evocations


You had 9 spell levels left.
You didn't know any spells.
Your spell library contained the following spells:

 Spells                   Type           Power      Damage    Failure   Level
 Magic Dart               Conj           0%         1d3       82%         1
 Slow                     Hex            0%         N/A       82%         1
 Call Imp                 Summ           0%         N/A       91%         2
 Lesser Beckoning         Tloc           0%         N/A       91%         2
 Static Discharge         Conj/Air       0%         2-2/arc   91%         2
 Gell's Gravitas          Tloc           0%         N/A       99%         3
 Mephitic Cloud           Conj/Pois/Air  0%         N/A       99%         3
 Swiftness                Air            0%         N/A       99%         3
 Teleport Other           Tloc           0%         N/A       99%         3
 Yara's Violent Unravell  Hex/Tmut       0%         3d3       100%        5
 Enfeeble                 Hex            0%         N/A       100%        7
 Lehudib's Crystal Spear  Conj/Erth      0%         10d2      100%        8


Dungeon Overview and Level Annotations

Branches:
Dungeon (9/15)             Temple (1/1) D:7            Lair (0/5) D:8
    Orc: D:9-12

Altars:
Ashenzari
Cheibriados
Dithmenos
Fedhas
Hepliaklqana
Kikubaaqudgha
Makhleb
Nemelex Xobeh
Okawaru
Qazlal
Trog
Uskayaw
Vehumet
Wu Jian
Xom

Shops:
D:4 ?[(   D:7 *

Annotations:
D:4 2 runed translucent doors, Rudyous's ghost, novice HOFi
D:9 Erolcha


Innate Abilities, Weirdness & Mutations

You have hoof-like feet.
You are mostly covered in yellow scales. (AC +3)
A weak demonic guardian rushes to your aid.
Your demonic aura sometimes causes spilled blood to erupt in flames.


Message History

Press: ? - help, Q - select action, (/) - cycle Shift-Dir - straight line, f/p - orc priest
Aim: an orc priest, wielding a +0 mace and wearing a +0 leather armour (69% to hit)
You shoot a bolt. The bolt hits the orc priest.
The orc priest is moderately wounded.
Erolcha mumbles some strange words.
Erolcha flickers and vanishes!
Deactivating autopickup; reactivate with Ctrl-A.
Fire: s) +3 hand crossbow (heavy)
Press: ? - help, Q - select action, (/) - cycle Shift-Dir - straight line, f/p - orc priest
Aim: an orc priest, wielding a +0 mace and wearing a +0 leather armour (moderately wounded, 69% to hit)
You shoot a bolt. The bolt hits the orc priest!
You kill the orc priest!
Fedhas appreciates your contribution to the ecosystem.
An orc wizard comes into view. It is wielding a +0 dagger.
Found a club.
You block something's attack.
You shoot a bolt. The orc wizard shouts!
Something hits you but does no damage.
You shoot a bolt. Something hits you!! Something hits you!
You shoot a bolt.
The bolt completely misses the orc wizard.
The orc wizard casts a spell at you. You resist with almost no effort.
Something hits you but does no damage.
The orc wizard hits you but does no damage.
Something hits you!!
* * * LOW HITPOINT WARNING * * *
As you read the scroll of silence, it crumbles to dust.
A profound silence engulfs you.
The orc wizard hits you but does no damage.
You shoot a bolt.
The bolt completely misses the orc wizard.
The orc wizard hits you but does no damage.
Something hits you!
* * * LOW HITPOINT WARNING * * *
A demonic guardian appears!
The orc wizard closely misses you. You block something's attack.
The orc wizard hits you but does no damage.
You shoot a bolt. Something hits you!!
You die...
Fedhas appreciates your contribution to the ecosystem.

# .. ## ...###
.# ......#
##.###
)......##....#
...).5.@)<..#
.....)o....##
.........[##
.......)..#
....?...###
.#..#...#
#..#.[.# ..
....#


You could see an orc wizard (ally target) and a friendly shadow imp (summoned,
unsilenced).

Vanquished Creatures
  Joseph (D:7)
  An ancient zyme (Abyss:1)
  Sigmund (D:4)
  A steam dragon (D:8)
  A small abomination (Abyss:1)
  2 water moccasins
  Duvessa (D:6)
  4 orc warriors
  2 ice beasts
  2 black bears (D:8)
  6 ogres
  A sky beast (D:7)
  3 centaurs
  A phantom (D:5)
  2 kobold brigands
  Blork the orc (D:6)
  3 bullfrogs
  5 scorpions
  Dowan (D:6)
  10 killer bees
  An electric eel (D:8)
  A howler monkey (D:6)
  5 hounds
  A jelly (D:4)
  2 orc priests
  An iguana (D:7)
  3 orc wizards
  9 adders
  2 white imps
  An ufetubus (D:6)
  3 worms
  3 dart slugs (D:1)
  18 orcs
  8 endoplasms
  2 giant cockroaches
  3 goblins
  6 hobgoblins
  6 jackals (D:1)
  2 quokkas
  8 ball pythons
  7 bats
  4 frilled lizards
  10 kobolds
  6 rats
161 creatures vanquished.

Vanquished Creatures (collateral kills)
  An ogre (D:6)
  A hound (D:3)
2 creatures vanquished.

Vanquished Creatures (others)
  An orc (D:8)
  19 fungi (D:8)
  16 plants (D:8)
  4 withered plants (D:3)
40 creatures vanquished.

Grand Total: 203 creatures vanquished

Notes
Turn   | Place    | Note
-------+----------+-------------------------------------------
     0 | D:1      | jlumianski the Demonspawn Fighter began the quest for the
                  | Orb.
     0 | D:1      | Reached XP level 1. HP: 18/18 MP: 1/1
    69 | D:1      | Gained mutation: You have large cloven feet. [demonic
                  | ancestry]
    69 | D:1      | Reached XP level 2. HP: 19/24 MP: 2/2
   481 | D:1      | Reached XP level 3. HP: 29/29 MP: 3/3
   669 | D:1      | Found a faded altar of an unknown god.
   673 | D:1      | Got Plato's Spellbook of Imprecation
   965 | D:4      | Found a broken altar of Ashenzari.
  1013 | D:2      | Gained mutation: You have hoof-like feet. [demonic
                  | ancestry]
  1013 | D:2      | Reached XP level 4. HP: 35/35 MP: 4/4
  1587 | D:3      | Found an ancient bone altar of Kikubaaqudgha.
  2076 | D:3      | Gained mutation: A weak demonic guardian rushes to your
                  | aid. [demonic ancestry]
  2076 | D:3      | Reached XP level 5. HP: 41/41 MP: 5/5
  2186 | D:3      | Found a stormy altar of Qazlal.
  2188 | D:3      | Found a hazy altar of Hepliaklqana.
  2274 | D:3      | Reached skill level 1 in Dodging
  2333 | D:4      | Noticed an ogre
  2392 | D:4      | Found Qichi's Antique Armour Shoppe.
  2456 | D:4      | Bought a shimmering scale mail for 225 gold pieces
  2456 | D:4      | Identified the +6 scale mail of Resonance {+Inv} (You
                  | bought it in a shop on level 4 of the Dungeon)
  2515 | D:5      | Entered Level 5 of the Dungeon
  2643 | D:4      | Found Puat's Weapon Boutique.
  2735 | D:4      | Noticed Sigmund
  2747 | D:4      | Killed Sigmund
  2748 | D:4      | Reached skill level 4 in Fighting
  2748 | D:4      | Reached skill level 1 in Evocations
  2748 | D:4      | Reached XP level 6. HP: 41/48 MP: 6/6
  2803 | D:4      | Found a shimmering altar of Xom.
  2948 | D:4      | Found Tianay's Magic Scroll Shop.
  3026 | D:4      | Found a runed translucent door.
  3037 | D:4      | Noticed Rudyous's ghost (novice HOFi)
  3090 | D:4      | Found a runed translucent door.
  3164 | D:5      | Identified a scroll of acquirement
  3164 | D:5      | Acquired a +1 heavy hand crossbow
  3185 | D:5      | Gained mutation: You are partially covered in yellow
                  | scales. (AC +2) [demonic ancestry]
  3185 | D:5      | Reached XP level 7. HP: 54/54 MP: 7/7
  3745 | D:6      | Reached skill level 1 in Ranged Weapons
  3829 | D:6      | Reached skill level 5 in Fighting
  3829 | D:6      | Gained mutation: Your demonic aura sometimes causes spilled
                  | blood to erupt in flames. [demonic ancestry]
  3829 | D:6      | Reached XP level 8. HP: 51/62 MP: 8/8
  3908 | D:6      | Noticed Blork the orc
  3920 | D:6      | Killed Blork the orc
  3943 | D:6      | Noticed Duvessa
  3948 | D:6      | Noticed Dowan
  3955 | D:6      | Killed Duvessa
  3959 | D:6      | Killed Dowan
  3960 | D:6      | Reached skill level 5 in Armour
  4214 | D:6      | Found a sparkling altar of Nemelex Xobeh.
  4247 | D:5      | Reached skill level 5 in Axes
  4338 | D:6      | Reached skill level 6 in Fighting
  4489 | D:7      | Reached XP level 9. HP: 56/69 MP: 9/9
  4529 | D:7      | Found a staircase to the Ecumenical Temple.
  4708 | Temple   | Entered the Ecumenical Temple
  4899 | Temple   | Became a worshipper of Fedhas Madash
  5010 | D:7      | Found an iron altar of Okawaru.
  5085 | D:7      | Found Orygg's General Store.
  5101 | D:7      | Bought a scroll of blinking for 97 gold pieces
  5101 | D:7      | Bought a scroll of identify for 26 gold pieces
  5174 | D:7      | Got the Grimoire of the Ground and the Sixfirhy
  5210 | D:7      | Noticed Joseph
  5235 | D:7      | Killed Joseph
  5236 | D:7      | Reached skill level 5 in Ranged Weapons
  5236 | D:7      | Reached skill level 1 in Stealth
  5640 | D:8      | Found a bloodstained altar of Trog.
  5827 | D:8      | Reached skill level 7 in Fighting
  6074 | D:8      | Reached skill level 5 in Evocations
  6130 | D:8      | Reached * piety under Fedhas
  6202 | D:8      | Found a staircase to the Lair.
  6229 | D:8      | Gained mutation: You are mostly covered in yellow scales.
                  | (AC +3) [demonic ancestry]
  6229 | D:8      | Reached XP level 10. HP: 79/79 MP: 10/10
  6746 | D:9      | Noticed Erolcha
  6750 | Abyss:1  | Cast into level 1 of the Abyss (Erolcha)
  6890 | D:9      | Escaped the Abyss
  6904 | D:9      | Mangled by Erolcha

Illustrated notes

Levels and vault maps discovered:
D:1:      dpeg_arrival_brainrot, layout_rooms,
          shapermc_ecumenical_altar_rom_forum
D:2:      layout_loops_ring, hangedman_decor_slide_cut
D:3:      layout_loops_ring, kiku_gazebo_garden_becter,
          nicolae_overflow_hidden_temple, chequers_serial_rivers_micro_e
D:4:      layout_cave_pools, mainiacjoe_overflow_six_doors_small,
          mainiacjoe_overflow_brackets, serial_shops, shop,
          nicolae_shop_bloodbath_and_beyond, shop, ebering_ghost_sewer_f,
          uniq_sigmund
D:5:      layout_loops_ring, lemuel_tele_altar
D:6:      layout_cave_pools, marbit_many_paths, uniq_duvessa, uniq_blork_the_orc
D:7:      layout_rooms, mainiacjoe_overflow_paths, minmay_temple_entry_fiery,
          serial_shops, nicolae_diamond_shop, kennysheep_generic_room_15,
          uniq_joseph
D:8:      layout_loops_corners, trog_book, grunt_lair_entry_orc_guard_hut,
          kennysheep_generic_room_2
D:9:      layout_cave_pools, tgw_sif, orc_0_dummy, uniq_erolcha
Temple:   hellmonk_temple_beads

Skill      XL: |  1  2  3  4  5  6  7  8  9 10 |
---------------+-------------------------------+-----
Armour         | 3 4 5 |  5.7
Shields        | 3 |  3.5
Axes           | 2 3 4 5 |  5.1
Dodging        | 1 2 3 |  3.0
Fighting       | 4 5 6 7 |  7.5
Evocations     | 1 2 4 5 |  5.5
Ranged Weapons | 1 4 6 |  6.8
Stealth        | 2 3 |  3.1
Throwing       | |  0.7

Action                     |  1- 3 |  4- 6 |  7- 9 | 10-12 || total
---------------------------+-------+-------+-------+-------++-------
  Melee: War axe           |   107 |   110 |    19 |       ||   236
         Kick              |    24 |    26 |     7 |       ||    57
   Fire: Hand crossbow     |       |     2 |   141 |    42 ||   185
  Throw: Stone             |     1 |       |       |       ||     1
         Dart              |       |    14 |       |       ||    14
    Use: Scroll            |       |    14 |     9 |     1 ||    24
 Armour: Scale mail        |    60 |    62 |   125 |    36 ||   283
  Dodge: Dodged            |    57 |    50 |   109 |    17 ||   233
  Block: Buckler           |    28 |    19 |    45 |    12 ||   104

Table legend: (Time is in decaauts)
 A = Elapsed time spent in this place.
 B = Non-inter-level travel time spent in this place.
 C = Inter-level travel time spent in this place.
 D = Time resting spent in this place.
 E = Time spent auto-exploring this place.
 F = Levels seen in this place.
 G = Mean time per level.
                   A        B        C        D        E       F      G
               +--------+--------+--------+--------+--------+-----+--------+
         Total |   7318 |   7055 |    263 |    214 |   4234 |  11 |  665.3 |
       Dungeon |   6937 |   6675 |    262 |    212 |   4044 |   9 |  770.8 |
        Temple |    234 |    234 |      0 |      0 |    100 |   1 |  234.0 |
         Abyss |    147 |    147 |      0 |      2 |     90 |   1 |  147.0 |
               +--------+--------+--------+--------+--------+-----+--------+

Top non-repeatable levels by time:
     D:8: 1270 daAuts
     D:7: 952 daAuts
     D:3: 911 daAuts
     D:6: 801 daAuts
     D:4: 771 daAuts
     D:1: 745 daAuts
     D:2: 734 daAuts
     D:5: 698 daAuts
  Temple: 234 daAuts
 Abyss:1: 147 daAuts
     D:9: 52 daAuts
